[Event "Pan-American U20-ch 2023"]
[Site "Volta Redonda"]
[Date "2023.11.08"]
[Round "4.3"]
[White "Filgueiras, Nathan Felipe"]
[Black "Ibarra, Juan Martin"]
[Result "1/2-1/2"]
[ECO "B12"]
[WhiteElo "2331"]
[BlackElo "2219"]
[Annotator "RC"]
[PlyCount "108"]
[EventDate "2023.10.31"]
[EventType "swiss"]
[EventCountry "BRA"]
[SourceTitle "playchess.com"]
[Source "ChessBase"]
[SourceQuality "1"]
[TimeControl "5400+30"]

1. e4 c6 2. d4 d5 3. e5 Bf5 4. Nf3 e6 5. Be2 c5 6. Be3 Qb6 7. Nc3 Nc6 8. Rb1 Bg4 9. Bb5 Bxf3 10. gxf3 cxd4 11. Qxd4 Qxd4 12. Bxd4 Nge7 13. Ne2 Nf5 14. c3 Be7 15. f4 O-O 16. O-O Rac8 17. Be3 f6 18. exf6 Rxf6 19. Rbd1 Nd6 20. Bd3 a6 21. Rfe1 Nf5 22. Ng3 Nxe3 23. fxe3 Bc5 24. Kg2 Rcf8 25. Bc2 g6 26. b4 Ba7 27. Bb3 Rc8 28. e4 Ne7 29. exd5 Nxd5 30. Bxd5 exd5 31. Rxd5 Rf7 32. Ne4 Bb8 33. Ng5 Rxf4 34. Re7 Rcf8 35. Ne4 Rg4+ 36. Ng3 Rgf4 37. Rdd7 Rf2+ 38. Kh3 R8f7 39. Rxb7 Rxe7 40. Rxe7 Bxg3 41. hxg3 Rxa2 42. c4 Rc2 43. c5 Rc4 44. Rb7 g5 45. g4 h6 46. Kg3 Kf8 47. Kf3 Ke8 48. Rb6 Kd7 49. Rd6+ Kc7 50. Rxa6 Rxb4 51. Rxh6 Rf4+ 52. Kg3 Rc4 53. Kf3 Rf4+ 54. Kg3 Rc4 1/2-1/2

[Event "Pan-American U20-ch 2023"]
[Site "Volta Redonda"]
[Date "2023.11.08"]
[Round "4.4"]
[White "Tomiello, Mateus Costamilan"]
[Black "Flores Quillas, Diego Saul Rodri"]
[Result "0-1"]
[ECO "A29"]
[WhiteElo "2145"]
[BlackElo "2369"]
[Annotator "RC"]
[PlyCount "106"]
[EventDate "2023.10.31"]
[EventType "swiss"]
[EventCountry "BRA"]
[SourceTitle "playchess.com"]
[Source "ChessBase"]
[SourceQuality "1"]
[TimeControl "5400+30"]

1. c4 e5 2. Nc3 Nf6 3. Nf3 Nc6 4. g3 Bb4 5. Bg2 O-O 6. Qc2 Re8 7. O-O e4 8. Ng5 Bxc3 9. bxc3 Qe7 10. d3 exd3 11. exd3 d6 12. Rb1 Qe2 13. Bd2 Ne5 14. Rfe1 Qxd3 15. Qxd3 Nxd3 16. Rxe8+ Nxe8 17. Bd5 Nf6 18. Bxf7+ Kf8 19. Bd5 h6 20. Ne6+ Bxe6 21. Bxe6 b6 22. Bf5 Ne5 23. Bf4 Nxc4 24. Rd1 Re8 25. Kf1 Ne5 26. h4 h5 27. Bc2 Re7 28. Kg2 Ned7 29. Kf3 Ne5+ 30. Kg2 Neg4 31. Bg5 Re2 32. Rd2 Rxd2 33. Bxd2 Kf7 34. f3 Ne5 35. Bb3+ d5 36. Bd1 c5 37. Kf2 Ke6 38. Bg5 b5 39. Ke3 a5 40. Be2 b4 41. cxb4 axb4 42. Kd2 g6 43. Bf4 c4 44. Ke3 Nc6 45. Bh6 d4+ 46. Kd2 d3 47. Bd1 Ne5 48. Bf8 Nd5 49. f4 c3+ 50. Kc1 d2+ 51. Kb1 Nc4 52. Bb3 Na3+ 53. Ka1 c2 0-1

[Event "Pan-American U20-ch 2023"]
[Site "Volta Redonda"]
[Date "2023.11.08"]
[Round "5.1"]
[White "Oro, Faustino"]
[Black "Soriano Quispe, Ivan Excender"]
[Result "1/2-1/2"]
[ECO "E05"]
[WhiteElo "2356"]
[BlackElo "2214"]
[Annotator "RC"]
[PlyCount "51"]
[EventDate "2023.10.31"]
[EventType "swiss"]
[EventCountry "BRA"]
[SourceTitle "playchess.com"]
[Source "ChessBase"]
[SourceQuality "1"]
[TimeControl "5400+30"]

1. Nf3 Nf6 2. g3 d5 3. Bg2 e6 4. O-O Be7 5. d4 O-O 6. c4 dxc4 7. Qa4 a6 8. Qxc4 b5 9. Qc2 Bb7 10. Bg5 Nbd7 11. Nbd2 h6 12. Bxf6 Nxf6 13. Nb3 Be4 14. Qc1 Bd5 15. Nc5 Ne4 16. Rd1 Bxc5 17. dxc5 Qf6 18. Qc2 Rad8 19. Rd3 Ng5 20. Nxg5 hxg5 21. Rad1 Bxg2 22. Kxg2 Qf5 23. R1d2 Rd5 24. Rxd5 Qxc2 25. Rxc2 exd5 26. Kg1 1/2-1/2

[Event "Pan-American U20-ch 2023"]
[Site "Volta Redonda"]
[Date "2023.11.09"]
[Round "5.2"]
[White "Castro Salgado, Pablo"]
[Black "Flores Quillas, Diego Saul Rodri"]
[Result "0-1"]
[ECO "A46"]
[WhiteElo "2202"]
[BlackElo "2369"]
[Annotator "RC"]
[PlyCount "136"]
[EventDate "2023.10.31"]
[EventType "swiss"]
[EventCountry "BRA"]
[SourceTitle "playchess.com"]
[Source "ChessBase"]
[SourceQuality "1"]
[TimeControl "5400+30"]

1. d4 Nf6 2. Nf3 e6 3. Bg5 c5 4. c3 Nc6 5. e3 h6 6. Bh4 Be7 7. Nbd2 b6 8. Bd3 Bb7 9. O-O O-O 10. Nc4 d6 11. a4 cxd4 12. exd4 Nd5 13. Bxe7 Ncxe7 14. g3 Rc8 15. Re1 Qc7 16. Qe2 Nf6 17. Ncd2 Rfe8 18. Ba6 Bxa6 19. Qxa6 Nc6 20. Rad1 Na5 21. Qb5 Qb7 22. Qd3 Qc6 23. Qb5 Qxb5 24. axb5 Re7 25. Ra1 d5 26. Ne5 Ne8 27. b4 Nb7 28. Nc6 Rec7 29. Nxa7 Ra8 30. Nc6 Rxa1 31. Rxa1 Ned6 32. Ra6 Nxb5 33. Rxb6 Nxc3 34. Nb3 Nd6 35. Nba5 Kh7 36. f3 Nc4 37. Ra6 Ne3 38. Kf2 Nc2 39. Ra8 Nb5 40. Rb8 Ncxd4 41. Rb6 Nxc6 42. Nxc6 Na3 43. Ra6 Nc4 44. f4 Rb7 45. Ke2 g5 46. Kd3 gxf4 47. gxf4 Kg6 48. Kd4 Rb5 49. Ra7 f6 50. Kc3 Nd6 51. Re7 Rb6 52. Nd4 Ne4+ 53. Kb3 Nc5+ 54. Kc3 Ne4+ 55. Kb3 Kh5 56. Nxe6 Kg4 57. Nc7 Rd6 58. b5 Kxf4 59. Kb4 d4 60. Kc4 d3 61. Nd5+ Kf3 62. b6 d2 63. Rxe4 Kxe4 64. b7 Rxd5 65. b8=Q d1=Q 66. Qe8+ Kf4 67. Qb8+ Re5 68. Qb2 Qe2+ 0-1

[Event "Pan-American U20-ch 2023"]
[Site "Volta Redonda"]
[Date "2023.11.09"]
[Round "5.4"]
[White "Reyes Zavaleta, Fabian Ricardo"]
[Black "Schnaider, Ilan"]
[Result "0-1"]
[ECO "D12"]
[WhiteElo "2122"]
[BlackElo "2292"]
[Annotator "RC"]
[PlyCount "50"]
[EventDate "2023.10.31"]
[EventType "swiss"]
[EventCountry "BRA"]
[SourceTitle "playchess.com"]
[Source "ChessBase"]
[SourceQuality "1"]
[TimeControl "5400+30"]

1. d4 d5 2. c4 c6 3. Nf3 Nf6 4. e3 Bf5 5. Nc3 e6 6. Nh4 Be4 7. f3 Bg6 8. Qb3 Qc7 9. Bd2 a5 10. Rc1 Be7 11. Nxg6 hxg6 12. g3 Nbd7 13. cxd5 Nxd5 14. Kf2 Nxc3 15. Bxc3 Nf6 16. Bd3 O-O 17. a3 Rfd8 18. Rhd1 Nd5 19. Bd2 Nb6 20. f4 Nd7 21. e4 Nf6 22. Rc4 b5 23. Qxb5 Rxd4 24. Rxc6 Qd7 25. Ra6 Rd8 0-1

[Event "Pan-American U20-ch 2023"]
[Site "Volta Redonda"]
[Date "2023.11.09"]
[Round "5.5"]
[White "Montes Orozco, Miguel Angel"]
[Black "Filgueiras, Nathan Felipe"]
[Result "1/2-1/2"]
[ECO "B31"]
[WhiteElo "2105"]
[BlackElo "2331"]
[Annotator "RC"]
[PlyCount "137"]
[EventDate "2023.10.31"]
[EventType "swiss"]
[EventCountry "BRA"]
[SourceTitle "playchess.com"]
[Source "ChessBase"]
[SourceQuality "1"]
[TimeControl "5400+30"]

1. e4 c5 2. Nf3 Nc6 3. Bb5 g6 4. O-O Bg7 5. Bxc6 bxc6 6. Re1 Nf6 7. e5 Nd5 8. c4 Nc7 9. Nc3 O-O 10. d4 cxd4 11. Qxd4 Ne6 12. Qh4 f6 13. Ne4 fxe5 14. Neg5 Nxg5 15. Bxg5 Qc7 16. Bxe7 Rf4 17. Bd8 Qd6 18. Qe7 Qxe7 19. Bxe7 Rxc4 20. Nxe5 Rc2 21. Ba3 d5 22. Nd3 Bf5 23. Nb4 Rc4 24. Rac1 Rc8 25. Rxc4 dxc4 26. Rc1 Be6 27. h3 a5 28. Na6 Bd5 29. Nc5 Rb8 30. Na4 Kf7 31. Kf1 Bf6 32. f3 g5 33. Rc2 h6 34. Nc3 Rd8 35. Bc5 Be6 36. Bb6 Ra8 37. Ne4 Be5 38. Bf2 Rb8 39. Be1 a4 40. Bc3 Bf4 41. Bd2 Be5 42. Bc3 Bf4 43. Bd2 a3 44. bxa3 Rb1+ 45. Kf2 Bc7 46. Bb4 Rd1 47. Ke2 Rg1 48. Kf2 Rd1 49. Ke2 Rg1 50. Kf2 Rd1 51. Ke2 Rd8 52. Rd2 Bd5 53. Nc3 Bf4 54. Rd1 h5 55. Bc5 Kg6 56. Kf2 Bc7 57. Bd4 h4 58. Kf1 Ra8 59. Bc5 Rd8 60. Bd4 Be6 61. Be3 Rd3 62. Rxd3 cxd3 63. Ke1 Ba5 64. Kd2 Bc4 65. Bc5 Kf5 66. Bb4 Bc7 67. Bc5 Bf4+ 68. Be3 Bd6 69. Bxg5 1/2-1/2

[Event "Pan-American U20-ch 2023"]
[Site "Volta Redonda"]
[Date "2023.11.09"]
[Round "6.1"]
[White "Flores Quillas, Diego Saul Rodri"]
[Black "Soriano Quispe, Ivan Excender"]
[Result "1-0"]
[ECO "B36"]
[WhiteElo "2369"]
[BlackElo "2214"]
[Annotator "RC"]
[PlyCount "125"]
[EventDate "2023.10.31"]
[EventType "swiss"]
[EventCountry "BRA"]
[SourceTitle "playchess.com"]
[Source "ChessBase"]
[SourceQuality "1"]
[TimeControl "5400+30"]

1. e4 c5 2. Nf3 Nc6 3. d4 cxd4 4. Nxd4 g6 5. c4 Nf6 6. Nc3 d6 7. f3 Nxd4 8. Qxd4 Bg7 9. Be3 O-O 10. Qd2 a5 11. Bd3 a4 12. Rb1 Be6 13. Nb5 Nd7 14. Nd4 Nc5 15. Be2 Bd7 16. O-O Qa5 17. Rfd1 Rfc8 18. Bf1 Qxd2 19. Rxd2 Be5 20. g3 h5 21. Kf2 Bg7 22. Rc1 Ne6 23. Ne2 Nc5 24. Nc3 Bc6 25. Rdc2 Kf8 26. Ke2 Ra6 27. Nd5 Bxd5 28. cxd5 Rb6 29. Rb1 Ra8 30. Kd2 Rb4 31. a3 Rb6 32. Bc4 Bf6 33. Ke2 Rc8 34. f4 Bg7 35. Kf3 Bf6 36. h3 Bg7 37. g4 hxg4+ 38. hxg4 Kg8 39. Kg2 Kf8 40. Kf3 Kg8 41. Bf2 Kf8 42. Re2 Kg8 43. g5 Kf8 44. e5 Rc7 45. Rc1 Rc8 46. Rec2 Rc7 47. Bd4 Kg8 48. Ke3 Rc8 49. Rh1 Nd7 50. Bxb6 Nxb6 51. exd6 exd6 52. Kd3 Nd7 53. Bb5 Nc5+ 54. Ke2 Rc7 55. Re1 f6 56. gxf6 Bxf6 57. Kf3 Rf7 58. Re8+ Kg7 59. Kg4 Bd4 60. Rce2 Bf6 61. Ra8 Bd4 62. Rd8 Bg1 63. Rxd6 1-0

[Event "Pan-American U20-ch 2023"]
[Site "Volta Redonda"]
[Date "2023.11.09"]
[Round "6.2"]
[White "Ibarra, Juan Martin"]
[Black "Oro, Faustino"]
[Result "1-0"]
[ECO "B33"]
[WhiteElo "2219"]
[BlackElo "2356"]
[Annotator "RC"]
[PlyCount "137"]
[EventDate "2023.10.31"]
[EventType "swiss"]
[EventCountry "BRA"]
[SourceTitle "playchess.com"]
[Source "ChessBase"]
[SourceQuality "1"]
[TimeControl "5400+30"]

1. e4 c5 2. Nf3 Nc6 3. d4 cxd4 4. Nxd4 Nf6 5. Nc3 e5 6. Ndb5 d6 7. Nd5 Nxd5 8. exd5 Nb8 9. c4 Be7 10. Bd3 O-O 11. O-O a6 12. Nc3 f5 13. f3 Nd7 14. a3 Bg5 15. Qc2 g6 16. b4 b6 17. Na4 Bb7 18. Bxg5 Qxg5 19. Qc1 Qxc1 20. Raxc1 Rac8 21. Rb1 Rc7 22. Rfc1 Rfc8 23. c5 b5 24. c6 bxa4 25. Bc4 Nb8 26. cxb7 Rxb7 27. Be2 Rbc7 28. Rxc7 Rxc7 29. Bd1 Rc3 30. Ra1 Nd7 31. Bxa4 Nb6 32. Bc6 Rb3 33. Bb7 Nc4 34. Bxa6 Nxa3 35. Rc1 Rxb4 36. Rc6 e4 37. fxe4 fxe4 38. Kf2 Rb3 39. Rxd6 Nc2 40. Rd8+ Kg7 41. d6 e3+ 42. Kf3 Nd4+ 43. Ke4 Ne6 44. Re8 Nc5+ 45. Kd4 Nxa6 46. d7 Nb8 47. d8=Q Nc6+ 48. Kc4 Nxd8 49. Kxb3 Nc6 50. Rxe3 Kf6 51. Kc4 h5 52. Kd5 Ne7+ 53. Ke4 Nf5 54. Ra3 Kg5 55. Ke5 h4 56. Rb3 Nh6 57. Ke6 Nf5 58. Kf7 Nd6+ 59. Kg7 Ne8+ 60. Kf8 Nd6 61. Rb6 Nc4 62. Ra6 Kf5 63. Kg7 g5 64. Kh6 g4 65. Kh5 Ne3 66. Ra5+ Kf4 67. Ra4+ Kf5 68. g3 hxg3 69. hxg3 1-0

[Event "Pan-American U20-ch 2023"]
[Site "Volta Redonda"]
[Date "2023.11.09"]
[Round "6.3"]
[White "Schnaider, Ilan"]
[Black "De Siqueira, Luigy Lira"]
[Result "1/2-1/2"]
[ECO "C45"]
[WhiteElo "2292"]
[BlackElo "2179"]
[Annotator "RC"]
[PlyCount "114"]
[EventDate "2023.10.31"]
[EventType "swiss"]
[EventCountry "BRA"]
[SourceTitle "playchess.com"]
[Source "ChessBase"]
[SourceQuality "1"]
[TimeControl "5400+30"]

1. e4 e5 2. Nf3 Nc6 3. d4 exd4 4. Nxd4 Bc5 5. Nb3 Bb6 6. Nc3 Nf6 7. Qe2 O-O 8. Bg5 Nd4 9. Qd2 Nxb3 10. axb3 h6 11. Be3 Bxe3 12. Qxe3 d6 13. f3 Nd7 14. Rxa7 Rxa7 15. Qxa7 Nb6 16. Be2 Qh4+ 17. g3 Qh3 18. Bf1 Qh5 19. Bg2 Qc5 20. Qa3 Qe3+ 21. Ne2 Bh3 22. Bxh3 Ra8 23. Qxa8+ Nxa8 24. Bg2 Nb6 25. Kd1 Nd7 26. Re1 Ne5 27. Rf1 c5 28. Nc3 c4 29. b4 Qa7 30. Kd2 Nc6 31. Nd5 b5 32. f4 Kf8 33. c3 Ne7 34. Ne3 Kg8 35. h4 g6 36. g4 Kh7 37. Nc2 f5 38. exf5 gxf5 39. gxf5 Kg7 40. Nd4 Kf6 41. Be4 Qa2 42. Kc2 d5 43. Bf3 Nxf5 44. Nxf5 Kxf5 45. Bxd5 Qa4+ 46. Kd2 Qa7 47. Bc6 Qb6 48. Bg2 Qd6+ 49. Kc1 Kg4 50. f5 Qf6 51. Rh1 Qe5 52. h5 Kxf5 53. Bc6 Kg5 54. Kb1 Qe6 55. Bb7 Qd7 56. Be4 Kf4 57. Bg6 Kg3 1/2-1/2

[Event "Pan-American U20-ch 2023"]
[Site "Volta Redonda"]
[Date "2023.11.09"]
[Round "6.5"]
[White "Vazquez, Facundo"]
[Black "Reyes Zavaleta, Fabian Ricardo"]
[Result "0-1"]
[ECO "E61"]
[WhiteElo "2407"]
[BlackElo "2122"]
[Annotator "RC"]
[PlyCount "132"]
[EventDate "2023.10.31"]
[EventType "swiss"]
[EventCountry "BRA"]
[SourceTitle "playchess.com"]
[Source "ChessBase"]
[SourceQuality "1"]
[TimeControl "5400+30"]

1. d4 Nf6 2. c4 g6 3. e3 Bg7 4. Nf3 O-O 5. Be2 c5 6. d5 d6 7. Nc3 e6 8. O-O exd5 9. cxd5 Bg4 10. Nd2 Bxe2 11. Qxe2 Nbd7 12. e4 Re8 13. Nc4 Nb6 14. Bg5 a6 15. Nd2 Qc8 16. Rad1 Qg4 17. Qxg4 Nxg4 18. h3 Ne5 19. Ndb1 Nc8 20. a4 Nc4 21. Bc1 Rb8 22. Rfe1 b5 23. axb5 axb5 24. Nd2 Nxd2 25. Rxd2 b4 26. Nd1 Nb6 27. Rde2 c4 28. Bf4 Red8 29. Ne3 Rbc8 30. Ra1 c3 31. b3 Bd4 32. Nc2 Bc5 33. Ra6 Nc4 34. Nxb4 Bxb4 35. bxc4 Rxc4 36. Rc6 Rxc6 37. dxc6 Rc8 38. Rc2 Rxc6 39. f3 f5 40. Kf2 Rc4 41. Ke3 d5 42. Kd3 fxe4+ 43. fxe4 Rxe4 44. Be3 Rc4 45. Bd4 Kf7 46. Re2 Rc6 47. g4 Ra6 48. h4 Ra1 49. Be3 Rh1 50. Rf2+ Ke6 51. Bg5 Rg1 52. Rf4 Rg3+ 53. Kd4 Be7 54. Bxe7 Kxe7 55. Kxd5 c2 56. Re4+ Kf7 57. Rc4 Rxg4 58. Rxc2 Rxh4 59. Ke5 Rh5+ 60. Kf4 Rf5+ 61. Kg4 h5+ 62. Kh4 Rf4+ 63. Kg5 Rg4+ 64. Kh6 h4 65. Rh2 Kf6 66. Rf2+ Ke5 0-1

[Event "Pan-American U20-ch 2023"]
[Site "Volta Redonda"]
[Date "2023.11.09"]
[Round "6.6"]
[White "Labussiere, Yago"]
[Black "Filgueiras, Nathan Felipe"]
[Result "1-0"]
[ECO "A22"]
[WhiteElo "2185"]
[BlackElo "2331"]
[Annotator "RC"]
[PlyCount "83"]
[EventDate "2023.10.31"]
[EventType "swiss"]
[EventCountry "BRA"]
[SourceTitle "playchess.com"]
[Source "ChessBase"]
[SourceQuality "1"]
[TimeControl "5400+30"]

1. c4 e5 2. Nc3 Nf6 3. Nf3 e4 4. Ng5 b5 5. d3 bxc4 6. dxc4 Bb4 7. Bd2 Bxc3 8. Bxc3 h6 9. Nh3 O-O 10. e3 d6 11. Nf4 Nc6 12. Be2 Qe7 13. O-O Bb7 14. Rc1 Ne5 15. Nd5 Qd8 16. Qd2 Nfd7 17. Rfd1 Re8 18. b4 f5 19. c5 dxc5 20. bxc5 Kh7 21. Ba5 Rc8 22. Nb4 Re6 23. c6 Nxc6 24. Qd5 Qf6 25. Nxc6 Bxc6 26. Rxc6 Rxc6 27. Qxd7 Rb8 28. Bf1 Rb2 29. g3 Rxa2 30. Bb4 a5 31. Bf8 Rcc2 32. Bxg7 Qc6 33. Qe7 Rxf2 34. Be5+ Kg6 35. Qg7+ Kh5 36. Bf6 Qe8 37. Bh3 Qg6 38. g4+ fxg4 39. Rd5+ Rf5 40. Rxf5+ Qxf5 41. Qf7+ Qg6 42. Bxg4+ 1-0

[Event "Pan-American U20-ch 2023"]
[Site "Volta Redonda"]
[Date "2023.11.10"]
[Round "7.1"]
[White "Flores Quillas, Diego Saul Rodri"]
[Black "Tomiello, Lucas Costamilan"]
[Result "*"]
[ECO "C11"]
[WhiteElo "2369"]
[BlackElo "2279"]
[Annotator "RC"]
[PlyCount "62"]
[EventDate "2023.10.31"]
[EventType "swiss"]
[EventCountry "BRA"]
[SourceTitle "playchess.com"]
[Source "ChessBase"]
[SourceQuality "1"]
[TimeControl "5400+30"]

1. e4 e6 2. d4 d5 3. Nc3 Nf6 4. e5 Nfd7 5. f4 c5 6. Nf3 Nc6 7. Be3 Be7 8. Qd2 O-O 9. h4 a6 10. h5 b5 11. dxc5 Bxc5 12. h6 g6 13. a3 Qb6 14. Bf2 Bb7 15. Bd3 Rac8 16. O-O Na5 17. Ne2 Nc4 18. Bxc4 Bxf2+ 19. Rxf2 bxc4 20. Qd4 Nc5 21. Ng5 Na4 22. Qxb6 Nxb6 23. Nd4 Na4 24. b3 cxb3 25. cxb3 Nc5 26. Rc2 Nd3 27. Rd2 Nxf4 28. Rf1 Nh5 29. Rd3 a5 30. b4 axb4 31. axb4 Rc4 *

[Event "Pan-American U20-ch 2023"]
[Site "Volta Redonda"]
[Date "2023.11.10"]
[Round "7.2"]
[White "Soriano Quispe, Ivan Excender"]
[Black "Ibarra, Juan Martin"]
[Result "*"]
[ECO "B50"]
[WhiteElo "2214"]
[BlackElo "2219"]
[Annotator "RC"]
[PlyCount "72"]
[EventDate "2023.10.31"]
[EventType "swiss"]
[EventCountry "BRA"]
[SourceTitle "playchess.com"]
[Source "ChessBase"]
[SourceQuality "1"]
[TimeControl "5400+30"]

1. e4 c5 2. Nf3 d6 3. c3 Nf6 4. h3 Nc6 5. Bd3 g6 6. O-O Bg7 7. Bc2 e5 8. d4 cxd4 9. cxd4 exd4 10. Nxd4 O-O 11. Nxc6 bxc6 12. Nc3 d5 13. Bg5 h6 14. Bh4 g5 15. Bg3 Nxe4 16. Nxe4 dxe4 17. Qxd8 Rxd8 18. Bxe4 Ba6 19. Rfe1 Bxb2 20. Rab1 Bd4 21. Bxc6 Rac8 22. Bb7 Bxb7 23. Rxb7 Rd5 24. Re2 Bb6 25. Kh2 Rf5 26. f3 Rc1 27. Bb8 h5 28. Kg3 Ra5 29. Re8+ Kg7 30. Ree7 Rxa2 31. Rxf7+ Kg6 32. Rg7+ Kh6 33. Rh7+ Kg6 34. Rbg7+ Kf6 35. Rf7+ Kg6 36. Rhg7+ Kh6 *

[Event "Pan-American U20-ch 2023"]
[Site "Volta Redonda"]
[Date "2023.11.10"]
[Round "7.4"]
[White "De Siqueira, Luigy Lira"]
[Black "Labussiere, Yago"]
[Result "*"]
[ECO "B03"]
[WhiteElo "2179"]
[BlackElo "2185"]
[Annotator "RC"]
[PlyCount "55"]
[EventDate "2023.10.31"]
[EventType "swiss"]
[EventCountry "BRA"]
[SourceTitle "playchess.com"]
[Source "ChessBase"]
[SourceQuality "1"]
[TimeControl "5400+30"]

1. e4 Nf6 2. e5 Nd5 3. c4 Nb6 4. d4 d6 5. exd6 exd6 6. Nc3 Nc6 7. Be3 Be7 8. Bd3 O-O 9. b3 Bg5 10. Nf3 Bxe3 11. fxe3 Re8 12. Qd2 Qe7 13. Nd1 Bg4 14. O-O Nd7 15. Qf2 Nf6 16. Re1 Bxf3 17. gxf3 Nh5 18. Nc3 Nb4 19. Bf1 c6 20. a3 Na6 21. Bg2 Nc7 22. Qe2 g6 23. Rad1 Qd7 24. Qd2 Qf5 25. Rf1 d5 26. c5 Rad8 27. b4 Qg5 28. Kh1 *

[Event "Pan-American U20-ch 2023"]
[Site "Volta Redonda"]
[Date "2023.11.10"]
[Round "7.5"]
[White "Reyes Zavaleta, Fabian Ricardo"]
[Black "Ribeiro, Matheus Mendes Domin"]
[Result "*"]
[ECO "B54"]
[WhiteElo "2122"]
[BlackElo "2150"]
[Annotator "RC"]
[PlyCount "70"]
[EventDate "2023.10.31"]
[EventType "swiss"]
[EventCountry "BRA"]
[SourceTitle "playchess.com"]
[Source "ChessBase"]
[SourceQuality "1"]
[TimeControl "5400+30"]

1. e4 c5 2. Nf3 d6 3. d4 cxd4 4. Nxd4 Nf6 5. f3 a6 6. c4 e6 7. Nc3 Be7 8. Be3 O-O 9. Be2 Qc7 10. O-O Nc6 11. Qd2 Rd8 12. Rac1 Rb8 13. Rfd1 Ne5 14. a3 Bf8 15. Bg5 Be7 16. Be3 Bf8 17. b3 b6 18. Bg5 Be7 19. f4 Ng6 20. f5 exf5 21. Nxf5 Bxf5 22. exf5 Ne5 23. Kh1 Neg4 24. Bxg4 Nxg4 25. Rf1 Nf6 26. Bxf6 Bxf6 27. Nd5 Qd7 28. Nxf6+ gxf6 29. Rc3 Kh8 30. Qh6 Rg8 31. Qxf6+ Rg7 32. Rd3 Qc6 33. Rg3 Rbg8 34. Rf4 Qe8 35. Rh4 Qe1# *

[Event "Pan-American U20-ch 2023"]
[Site "Volta Redonda"]
[Date "2023.11.10"]
[Round "7.6"]
[White "Montes Orozco, Miguel Angel"]
[Black "Sathish, Pranav"]
[Result "*"]
[ECO "D02"]
[WhiteElo "2105"]
[BlackElo "2415"]
[Annotator "RC"]
[PlyCount "102"]
[EventDate "2023.10.31"]
[EventType "swiss"]
[EventCountry "BRA"]
[SourceTitle "playchess.com"]
[Source "ChessBase"]
[SourceQuality "1"]
[TimeControl "5400+30"]

1. d4 Nf6 2. c4 e6 3. g3 d5 4. Nf3 b6 5. Bg2 Bb7 6. Ne5 Bd6 7. O-O O-O 8. Nc3 Nbd7 9. Bf4 Qe7 10. Qa4 c5 11. dxc5 Bxe5 12. c6 Bxf4 13. cxb7 Rab8 14. gxf4 Rxb7 15. cxd5 Nc5 16. Qc2 exd5 17. Nxd5 Nxd5 18. Bxd5 Rd7 19. Bf3 Qh4 20. e3 Rd6 21. f5 Rh6 22. Rfd1 Qxh2+ 23. Kf1 Qe5 24. b4 Na6 25. a3 Rf6 26. e4 Nc7 27. Rac1 Nb5 28. Qd3 Qf4 29. Bg2 Nd6 30. Qd5 Rh6 31. Rc6 Ne8 32. Rxh6 Qxh6 33. e5 Qg5 34. Qe4 g6 35. Bh3 Ng7 36. f6 Nh5 37. Rd4 Qh6 38. Bg4 Qc1+ 39. Kg2 Qg5 40. Kf3 Qh4 41. Ke2 Qh2 42. Ke3 Re8 43. Bxh5 Qxh5 44. f4 Qh3+ 45. Qf3 Qh2 46. Rd2 Qg1+ 47. Qf2 Qc1 48. Kf3 Qxa3+ 49. Kg4 Qb3 50. Qh4 h5+ 51. Kg5 Kh7 *

[Event "Pan-American U20-ch 2023"]
[Site "Volta Redonda"]
[Date "2023.11.11"]
[Round "8.1"]
[White "Reyes Zavaleta, Fabian Ricardo"]
[Black "Flores Quillas, Diego Saul Rodri"]
[Result "0-1"]
[ECO "A62"]
[WhiteElo "2122"]
[BlackElo "2369"]
[Annotator "RC"]
[PlyCount "78"]
[EventDate "2023.10.31"]
[EventType "swiss"]
[EventCountry "BRA"]
[SourceTitle "playchess.com"]
[Source "ChessBase"]
[SourceQuality "1"]
[TimeControl "5400+30"]

1. d4 Nf6 2. c4 e6 3. g3 c5 4. d5 exd5 5. cxd5 d6 6. Nc3 g6 7. Bg2 Bg7 8. Nf3 O-O 9. O-O Re8 10. Bf4 Na6 11. Re1 Bg4 12. h3 Bxf3 13. Bxf3 Nd7 14. Rc1 Ne5 15. Bg2 Nc7 16. Ne4 h6 17. g4 Rb8 18. e3 b5 19. b3 b4 20. Bh2 Nb5 21. Rf1 Qb6 22. f4 Nd7 23. f5 Nc3 24. Rxc3 bxc3 25. Nxd6 Qa6 26. fxg6 fxg6 27. Nxe8 Rxe8 28. d6 Rxe3 29. Qd5+ Kh7 30. Be4 Nf8 31. Be5 c2 32. Rc1 Qe2 33. Rxc2 Qe1+ 34. Kg2 Rxe4 35. Bxg7 Ne6 36. Be5 Rxe5 37. Qb7+ Ng7 38. d7 Qd1 39. Rf2 Qd5+ 0-1

[Event "Pan-American U20-ch 2023"]
[Site "Volta Redonda"]
[Date "2023.11.11"]
[Round "8.2"]
[White "Ibarra, Juan Martin"]
[Black "Tomiello, Lucas Costamilan"]
[Result "0-1"]
[ECO "B33"]
[WhiteElo "2219"]
[BlackElo "2279"]
[Annotator "RC"]
[PlyCount "112"]
[EventDate "2023.10.31"]
[EventType "swiss"]
[EventCountry "BRA"]
[SourceTitle "playchess.com"]
[Source "ChessBase"]
[SourceQuality "1"]
[TimeControl "5400+30"]

1. e4 c5 2. Nf3 Nc6 3. d4 cxd4 4. Nxd4 Nf6 5. Nc3 e5 6. Ndb5 d6 7. Bg5 a6 8. Na3 b5 9. Nab1 Be7 10. Bxf6 Bxf6 11. a4 b4 12. Nd5 O-O 13. Bc4 a5 14. O-O Bg5 15. c3 Be6 16. Qd3 bxc3 17. Nbxc3 Rb8 18. Bb5 Nd4 19. Rfd1 f5 20. f3 fxe4 21. fxe4 Qc8 22. Rf1 Qc5 23. Kh1 Nb3 24. Rad1 Rxf1+ 25. Rxf1 Nd2 26. Rd1 Rf8 27. h4 Qf2 28. hxg5 Qh4+ 29. Kg1 Qf2+ 30. Kh1 Nf3 31. Qxf3 Rxf3 32. gxf3 Qxf3+ 33. Kg1 Qg3+ 34. Kf1 Bh3+ 35. Ke2 Bg4+ 36. Kd2 Bxd1 37. Kxd1 Qxg5 38. b4 axb4 39. Nxb4 h5 40. a5 h4 41. Bd7 h3 42. Bxh3 Qh5+ 43. Kc2 Qxh3 44. a6 Qg2+ 45. Kb3 Qf2 46. Nb5 Qe3+ 47. Ka4 Qxe4 48. Ka5 g5 49. Kb6 Qe3+ 50. Kb7 Qc5 51. a7 Qxb5+ 52. Ka8 g4 53. Nc2 Qc6+ 54. Kb8 Qb6+ 55. Ka8 Qc7 56. Ne3 Qc8# 0-1

[Event "Pan-American U20-ch 2023"]
[Site "Volta Redonda"]
[Date "2023.11.11"]
[Round "8.3"]
[White "Soriano Quispe, Ivan Excender"]
[Black "De Siqueira, Luigy Lira"]
[Result "1/2-1/2"]
[ECO "D36"]
[WhiteElo "2214"]
[BlackElo "2179"]
[Annotator "RC"]
[PlyCount "95"]
[EventDate "2023.10.31"]
[EventType "swiss"]
[EventCountry "BRA"]
[SourceTitle "playchess.com"]
[Source "ChessBase"]
[SourceQuality "1"]
[TimeControl "5400+30"]

1. d4 d5 2. c4 e6 3. Nc3 Nf6 4. cxd5 exd5 5. Bg5 Be7 6. e3 c6 7. Qc2 Nbd7 8. Bd3 O-O 9. Nf3 h6 10. Bh4 Re8 11. O-O Ne4 12. Bxe7 Qxe7 13. Bxe4 dxe4 14. Nd2 Nf6 15. Nc4 b6 16. Rac1 Ba6 17. Qa4 Bb7 18. Qb3 Rac8 19. Rfd1 Red8 20. Qa3 Qxa3 21. Nxa3 Ba6 22. f3 Re8 23. fxe4 Nxe4 24. Nxe4 Rxe4 25. Kf2 Re6 26. Nc2 c5 27. dxc5 Rxc5 28. Nd4 Rf6+ 29. Nf3 Ra5 30. a3 Bb7 31. Rd8+ Kh7 32. Rc4 g5 33. Rd7 Bd5 34. Rd4 Be6 35. R7d6 Rc5 36. Kg3 Kg7 37. h3 Rc2 38. Rd2 Rxd2 39. Rxd2 Bf5 40. Rd5 Be4 41. Rd4 Bxf3 42. gxf3 Rc6 43. h4 Rc2 44. hxg5 hxg5 45. Rb4 f5 46. f4 Kg6 47. fxg5 Kxg5 48. Rb5 1/2-1/2